 Dungeon Crawl Stone Soup version 0.27.1-37-g7b29ead8ac (console) character file.

Game seed: 1602254353589763374

61924 grimtooth the Convoker (level 15, -2/108 HPs)
             Began as a Barachi Summoner on July 10, 2023.
             Was a High Priest of Hepliaklqana.
             Slain by a spatial maelstrom (15 damage)
             ... on level 2 of the Abyss on July 11, 2023.
             The game lasted 03:18:37 (29878 turns).

grimtooth the Convoker (Barachi Summoner)          Turns: 29878, Time: 03:18:37

Health: -2/108     AC: 17    Str: 12    XL:     15   Next: 4%
Magic:  17/24      EV: 14    Int: 17    God:    Hepliaklqana [*****.]
Gold:   986        SH:  0    Dex: 15    Spells: 13/26 levels left

rFire    + . .     SeeInvis +   a - +5 dire flail (vorpal)
rCold    . . .     Faith    .   (shield currently unavailable)
rNeg     . . .     Spirit   .   x - +2 leather armour {rF+}
rPois    .         Reflect  .   T - +0 hat {SInv}
rElec    .         Harm     .   F - +2 cloak
rCorr    .         Rampage  .   (no gloves)
Will     +....                  (no boots)
Stlth    +++.......             G - amulet of the acrobat
HPRegen  0.28/turn              g - +4 ring of protection
MPRegen  0.19/turn              B - +4 ring of protection

@: about to teleport, on berserk cooldown, hasted and slowed, slow
A: reduced essence, amphibious, slowness 1, strong legs 2, +LOS
a: Hop, Renounce Religion, Recall Ancestor, Ancestor Identity, Transference,
Idealise


You were on level 2 of the Abyss.
You worshipped Hepliaklqana.
Hepliaklqana was extremely pleased with you.
You visited 4 branches of the dungeon, and saw 20 of its levels.
You visited the Abyss 1 time.

You collected 2164 gold pieces.
You spent 1178 gold pieces at shops.

Inventory:

Hand Weapons
 a - a +5 vorpal dire flail (weapon)
 b - the +6 dagger "Yriqian" {freeze, Str+6 Dex-3 SInv}
   (You bought it in a shop on level 2 of the Orcish Mines)

   It freezes those it strikes, dealing additional cold damage.
   It can also slow down cold-blooded creatures.
   Str:       It affects your strength (+6).
   Dex:       It affects your dexterity (-3).
   SInv:      It lets you see invisible.
Missiles
 s - 93 poisoned darts (quivered)
 K - 9 curare-tipped darts
Armour
 x - a +2 leather armour of fire resistance (worn)
 z - a +0 pair of boots of rampaging
 F - a +2 cloak (worn)
 N - a +2 leather armour of cold resistance
 T - a +0 hat of see invisible (worn)
Jewellery
 c - a ring of willpower
 g - a +4 ring of protection (left hand)
 h - a +4 ring of evasion
 m - a ring of poison resistance
 u - a ring of ice
 v - a ring of positive energy
 B - a +4 ring of protection (right hand)
 C - a ring of fire
 G - an amulet of the acrobat (around neck)
Wands
 f - a wand of mindburst (29)
 k - a wand of paralysis (4)
 p - a wand of iceblast (4)
 w - a wand of charming (25)
 P - a wand of polymorph (9)
Scrolls
 j - 2 scrolls of immolation {unknown}
 r - a scroll of vulnerability
 A - 4 scrolls of teleportation
 D - 7 scrolls of noise {unknown}
 J - a scroll of blinking
 L - 4 scrolls of magic mapping
 M - 3 scrolls of fear
 O - a scroll of holy word {unknown}
 Q - 2 scrolls of fog
 S - 2 scrolls of summoning
 U - a scroll of acquirement {unknown}
Potions
 e - 11 potions of ambrosia
 i - 3 potions of brilliance
 l - 2 potions of curing
 n - a potion of haste
 t - a potion of resistance
 E - a potion of might
 H - 2 potions of magic
 I - a potion of invisibility {unknown}
 R - 2 potions of cancellation
 W - a potion of lignification {unknown}


   Skills:
 - Level 12.0 Fighting
 + Level 8.8 Maces & Flails
 - Level 9.0 Armour
 - Level 6.0 Dodging
 - Level 6.0 Stealth
 - Level 6.0 Spellcasting
 - Level 8.0 Hexes
 + Level 16.0 Summonings
 - Level 8.0 Air Magic
 - Level 9.0 Invocations


You had 13 spell levels left.
You knew the following spells:

 Your Spells              Type           Power      Damage    Failure   Level
a - Summon Guardian Gole  Hex/Summ       46%        N/A       1%          3
K - Summon Lightning Spi  Summ/Air       46%        N/A       1%          4
L - Summon Small Mammal   Summ           100%       N/A       1%          1
M - Call Imp              Summ           56%        N/A       1%          2
N - Call Canine Familiar  Summ           56%        N/A       1%          3

Your spell library contained the following spells:

 Spells                   Type           Power      Damage    Failure   Level
 Slow                     Hex            32%        N/A       1%          2
 Confusing Touch          Hex            32%        N/A       1%          3
 Summon Mana Viper        Hex/Summ       46%        N/A       3%          5
 Corpse Rot               Necr/Air       N/A        N/A       4%          2
 Poisonous Vapours        Pois/Air       36%        N/A       4%          2
 Summon Ice Beast         Ice/Summ       32%        N/A       6%          4
 Portal Projectile        Hex/Tloc       36%        N/A       9%          3
 Monstrous Menagerie      Summ           28%        N/A       19%         7
 Sublimation of Blood     Necr           2%         N/A       24%         2
 Leda's Liquefaction      Hex/Erth       9%         N/A       30%         4
 Yara's Violent Unravell  Hex/Tmut       9%         3d6       63%         5
 Petrify                  Tmut/Erth      5%         N/A       83%         4
 Freezing Cloud           Conj/Ice/Air   7%         6-21      83%         5
 Blade Hands              Tmut           2%         N/A       99%         5
 Irradiate                Conj/Tmut      2%         3d14      99%         5
 Dragon Form              Tmut           2%         N/A       100%        7


Dungeon Overview and Level Annotations

Branches:
Dungeon (11/15)            Temple (1/1) D:4            Lair (6/6) D:11
  Swamp (0/4) Lair:3       Spider (0/4) Lair:2          Orc (2/2) D:10
    Elf (0/3) Orc:2
  Slime: Lair:5-6

Altars:
Ashenzari
Cheibriados
Dithmenos
Elyvilon
Fedhas
Gozag
Hepliaklqana
Kikubaaqudgha
Makhleb
Nemelex Xobeh
Okawaru
Qazlal
Ru
Sif Muna
Trog
Uskayaw
Vehumet
Wu Jian
Xom
Yredelemnul
Zin
The Shining One
Beogh

Shops:
D:1 *   D:4 ?[   D:6 ?   Orc:2 =[([

Annotations:
D:11 1 runed translucent door, 2bobheroes's ghost, journeyman GnWn
Lair:1 2 transporters, grimtooth's ghost, journeyman TrAM
Lair:3 exclusion: 3 oklob plants
Lair:4 3 runed translucent doors, Lorrdernie's ghost, journeyman FeSu
Lair:6 Rupert
Orc:2 2 runed translucent doors, exclusion: orc wizard, dnasty's ghost, journeyman MiBe


Innate Abilities, Weirdness & Mutations

Your life essence is reduced to manifest your ancestor. (-10% HP)
You are amphibious.
You cover ground slowly.
You can hop long distances.
You have an extended range of vision and can be seen from far away.


Message History

You impale the sixfirhy!!
You kill the sixfirhy!
You start resting.
You feel a strong urge to attack something.
A hellwing comes into view.
You feel your anger nearly subside.
You are no longer berserk.
You are exhausted.
You feel yourself slow down.
Casting: Call Canine Familiar (safe; 1% risk of failure)
Confirm with . or Enter, or press ? or * to list all spells.
Unknown command.
You feel better.
You start resting.
You are ready to hop once more.
You start resting.
Your quokka disappears in a puff of smoke!
A spatial maelstrom comes into view.
A spatial vortex comes into view.
Something hits your warg!
Your warg blinks!
A spatial vortex comes into view.
A spatial vortex comes into view. x3
The spatial maelstrom barely misses you.
The spatial maelstrom completely misses you.
The spatial vortex moves out of view.
A spatial vortex comes into view.
Press: ? - help, v - describe, . - travel
Here: a spatial vortex (wandering, ally target, hasn't noticed you)
The floor.
As you read the scroll of teleportation, it crumbles to dust.
You feel strangely unstable.
You feel the power of the Abyss delaying your translocation!
Your warg bites the spatial vortex!
You puncture the spatial maelstrom!
The spatial maelstrom is moderately damaged.
The spatial maelstrom hits you!
* * * LOW HITPOINT WARNING * * *
The spatial maelstrom hits you!
* * * LOW HITPOINT WARNING * * *
Space warps horribly around you!
You die...

.# # .#.. .#
# . #### .
..#.. # #
...... #. ..
. . ####
.4.... ##. .
...#.# .
..##...##
####.. ...#
#@# h###..#
##v..h.#.v.#
#...####..#
##.v#..v .
§#..#v...#.#
.##..#.....#
# ##.(.#..#
#v#.#.# #
#..# # #.
...# . #..


You could see a spatial maelstrom, 2 spatial vortices and a friendly warg
(summoned).

Vanquished Creatures
  2 boulder beetles
  2 hydras
  A catoblepas (Lair:3)
  A sixfirhy (Abyss:2)
  An elephant (Lair:5)
  2 black mambas
  2 cane toads
  An unseen horror (D:6)
  A smoke demon (Lair:6)
  An ancient zyme (Lair:6)
  2 komodo dragons
  A troll (Orc:2)
  3 blink frogs
  A ynoxinul (Lair:6)
  A wyvern (D:7)
  2 basilisks (Lair:6)
  2 yaks (Lair:2)
  A vampire mosquito (Lair:3)
  Edmund (D:4)
  2 wargs
  5 water moccasins
  8 orc warriors
  2 ogres
  A black bear (D:4)
  4 small abominations
  A centaur (D:6)
  3 kobold brigands
  A scorpion (Lair:2)
  3 killer bees
  A wight (D:6)
  2 electric eels
  2 centaur zombies
  6 orc priests
  A hound (D:8)
  A jelly (Lair:6)
  2 iguanas
  6 orc wizards
  A gnoll (D:8)
  2 worms
  2 dart slugs
  27 orcs
  5 endoplasms
  2 hobgoblins
  4 ball pythons
  2 frilled lizards
  A goblin (D:2)
  5 kobolds
  2 rats
132 creatures vanquished.

Vanquished Creatures (collateral kills)
  Saint Roka (Orc:2)
  Jorgrun (Orc:2)
  Gastronok (D:8)
  2 rockslimes (Lair:6)
  An azure jelly (Lair:6)
  Snorg (Lair:4)
  3 great orbs of eyes (Lair:6)
  3 hydras
  A boulder beetle (D:11)
  A catoblepas (Lair:2)
  A two-headed ogre (D:10)
  4 death yaks (Lair:5)
  An orc high priest (Orc:1)
  Nergalle (Lair:4)
  2 orc knights
  4 orc sorcerers (Orc:2)
  2 ugly things
  3 black mambas
  A large abomination (Abyss:2)
  4 elephants (Lair:5)
  11 cane toads
  Maggie (D:7)
  Joseph (D:9)
  4 rime drakes
  2 komodo dragons
  A queen bee (Lair:1)
  9 trolls
  3 polar bears
  A hornet (D:7)
  7 slime creatures
  21 blink frogs
  A wyvern (Lair:6)
  4 basilisks
  14 yaks
  A steam dragon (D:8)
  3 vampire mosquitoes
  6 wargs
  An acid dragon (D:10)
  6 water moccasins
  22 orc warriors
  A black bear (Lair:3)
  A necrophage (D:5)
  An ice beast (D:5)
  A sky beast (D:8)
  8 ogres
  24 wolves
  3 centaurs
  3 kobold brigands
  6 bullfrogs
  2 gnoll sergeants
  6 scorpions
  2 small abominations (Lair:6)
  21 killer bees (Lair:1)
  7 wights
  8 howler monkeys
  3 centaur zombies
  A bullfrog zombie (D:6)
  6 jellies
  15 orc priests
  A gnoll shaman (D:8)
  11 hounds
  2 iguanas
  Ijyb (D:4)
  3 centaur skeletons
  18 orc wizards
  A hound zombie (D:5)
  9 gnolls
  A howler monkey skeleton (D:7)
  7 adders
  A white imp (D:6)
  An adder skeleton (D:4)
  A worm (D:3)
  A dart slug (D:2)
  62 orcs
  7 endoplasms
  4 giant cockroaches
  3 goblins
  5 hobgoblins
  2 jackals (D:2)
  16 kobolds
  A quokka (D:2)
  9 ball pythons
  3 bats
  3 rats (D:1)
449 creatures vanquished.

Vanquished Creatures (others)
  An acid blob (Lair:6)
  An orc warlord (Orc:2)
  2 hydras
  A vampire mosquito (D:11)
  A warg (Orc:2)
  An orc warrior (D:6)
  A killer bee (Lair:1)
  A wight (D:6)
  A jelly (Lair:6)
  An orc priest (Orc:2)
  19 battlemagi
  3 ancestors
  An orc (Orc:2)
  A bush (D:11)
  24 fungi
  53 plants
112 creatures vanquished.

Grand Total: 693 creatures vanquished

Notes
Turn   | Place    | Note
-------+----------+-------------------------------------------
     0 | D:1      | grimtooth the Barachi Summoner began the quest for the Orb.
     0 | D:1      | Reached XP level 1. HP: 13/13 MP: 3/3
    41 | D:1      | Found a faded altar of an unknown god.
    54 | D:1      | Reached skill level 5 in Summonings
   347 | D:1      | Reached XP level 2. HP: 19/19 MP: 3/5
   415 | D:1      | Found Xestrew's Assorted Antiques.
  1224 | D:1      | Learned a level 2 spell: Call Imp
  1255 | D:2      | Reached XP level 3. HP: 24/24 MP: 4/6
  1356 | D:2      | Reached skill level 6 in Summonings
  2141 | D:2      | Reached XP level 4. HP: 30/30 MP: 2/8
  2625 | D:2      | Learned a level 3 spell: Call Canine Familiar
  2643 | D:3      | Found a glowing silver altar of Zin.
  2700 | D:3      | Found a shadowy altar of Dithmenos.
  3825 | D:4      | Noticed Edmund
  3833 | D:4      | Killed Edmund
  3834 | D:4      | Reached skill level 7 in Summonings
  3834 | D:4      | Reached XP level 5. HP: 35/35 MP: 1/11
  4044 | D:4      | Reached skill level 1 in Fighting
  4052 | D:4      | Reached XP level 6. HP: 12/43 MP: 7/12
  4377 | D:4      | Noticed Ijyb
  4451 | D:4      | Learned a level 3 spell: Summon Guardian Golem
  4616 | D:4      | Killed Ijyb
  4805 | D:4      | Found a staircase to the Ecumenical Temple.
  4846 | D:4      | Reached skill level 1 in Armour
  4873 | Temple   | Entered the Ecumenical Temple
  5238 | Temple   | Became a worshipper of Hepliaklqana the Forgotten
  5461 | D:4      | Noticed a black bear
  5480 | D:4      | Killed a black bear
  5626 | D:4      | Found Yjuutz's Armour Boutique.
  5783 | D:4      | Found Ahoil's Magic Scroll Shop.
  5957 | D:1      | Bought a scroll labelled DOSCHI FOPTAD for 29 gold pieces
  5957 | D:1      | Bought 2 grey potions for 52 gold pieces
  5957 | D:1      | Bought a scroll labelled RECAZE NOORAIR for 29 gold pieces
  5957 | D:1      | Bought an amethyst potion for 26 gold pieces
  5957 | D:1      | Bought a scroll labelled HODETA FIEMM for 29 gold pieces
  5957 | D:1      | Bought a scroll labelled RECAZE NOORAIR for 29 gold pieces
  6041 | D:5      | Entered Level 5 of the Dungeon
  6093 | D:5      | Reached XP level 7. HP: 47/52 MP: 9/13
  6583 | D:5      | Reached skill level 8 in Summonings
  6890 | D:6      | Reached * piety under Hepliaklqana
  6940 | D:4      | Bought a scroll of identify for 28 gold pieces
  6940 | D:4      | Bought a scroll of identify for 28 gold pieces
  7289 | D:6      | Reached skill level 5 in Armour
  7446 | D:6      | Reached XP level 8. HP: 52/52 MP: 9/14
  7688 | D:6      | Reached skill level 9 in Summonings
  7849 | D:6      | - is this a d6 unseen
  7851 | D:6      | - indeed it is
  7857 | D:6      | Killed an unseen horror
  7858 | D:6      | Reached skill level 10 in Summonings
  8051 | D:6      | Found Voxky's Magic Scroll Boutique.
  8059 | D:6      | Bought a scroll of identify for 30 gold pieces
  8420 | D:4      | Bought a scroll of teleportation for 42 gold pieces
  8707 | D:7      | Noticed a hornet
  8714 | D:7      | Killed a hornet
  8747 | D:7      | Noticed Maggie
  8903 | D:7      | Learned a level 4 spell: Summon Lightning Spire
  8948 | D:7      | Noticed a wyvern
  8968 | D:7      | Killed a wyvern
  8969 | D:7      | Reached skill level 11 in Summonings
  8969 | D:7      | Reached XP level 9. HP: 56/56 MP: 3/15
  9064 | D:7      | Reached ** piety under Hepliaklqana
  9415 | D:7      | Remembered your ancestor Hrodulf as a battlemage
  9557 | D:8      | Reached skill level 5 in Dodging
  9726 | D:8      | Reached skill level 12 in Summonings
  9952 | D:8      | Reached skill level 1 in Air Magic
 10164 | D:8      | Noticed a troll
 10169 | D:8      | Killed a troll
 10175 | D:8      | Reached skill level 5 in Spellcasting
 10307 | D:8      | Reached XP level 10. HP: 54/63 MP: 15/18
 10931 | D:8      | Noticed Gastronok
 11026 | D:9      | Reached skill level 5 in Air Magic
 11584 | D:9      | Noticed Joseph
 11598 | D:9      | Killed Joseph
 11599 | D:9      | Reached skill level 5 in Fighting
 11724 | D:9      | Noticed a brown ugly thing
 12213 | D:9      | Killed a brown ugly thing
 12214 | D:9      | Reached skill level 1 in Maces & Flails
 12214 | D:9      | Reached skill level 1 in Hexes
 12251 | D:10     | Entered Level 10 of the Dungeon
 12287 | D:10     | Found a white marble altar of Elyvilon.
 12400 | D:10     | Reached *** piety under Hepliaklqana
 12441 | D:10     | Noticed a two-headed ogre
 12449 | D:10     | Killed a two-headed ogre
 12511 | D:10     | Found a hide-covered altar of Uskayaw.
 12591 | D:10     | Found a staircase to the Orcish Mines.
 12619 | D:10     | Reached XP level 11. HP: 72/72 MP: 17/20
 12982 | D:10     | Found a shimmering altar of Xom.
 12990 | D:10     | Found a broken altar of Ashenzari.
 13172 | D:11     | Noticed a boulder beetle
 13196 | D:11     | Killed a boulder beetle
 13197 | D:11     | Reached skill level 5 in Maces & Flails
 13197 | D:11     | Reached skill level 5 in Hexes
 13308 | D:11     | Noticed a boulder beetle
 13316 | D:11     | Killed a boulder beetle
 13369 | D:11     | Found a staircase to the Lair.
 13390 | D:11     | Reached skill level 1 in Invocations
 13527 | D:11     | Found a runed translucent door.
 13528 | D:11     | Noticed 2bobheroes's ghost (journeyman GnWn)
 13535 | D:11     | Reached **** piety under Hepliaklqana
 14269 | D:6      | Bought a scroll of fear for 52 gold pieces
 14437 | D:7      | Killed Maggie
 14545 | D:8      | Identified the +8 hand axe of Dissatisfaction {holy, MP-9
                  | Str+2 Int+3 Dex+4}
 14662 | D:8      | Killed Gastronok
 14663 | D:8      | Reached skill level 5 in Stealth
 15002 | Lair:1   | Entered Level 1 of the Lair of Beasts
 15421 | Lair:1   | Noticed a moth of wrath
 15772 | Lair:1   | Reached XP level 12. HP: 79/79 MP: 21/21
 16036 | Lair:1   | Found a transporter.
 16038 | Lair:1   | Noticed grimtooth's ghost (journeyman TrAM)
 16038 | Lair:1   | Noticed a death yak
 16051 | Lair:1   | Found a transporter.
 16248 | Lair:1   | Reached skill level 5 in Invocations
 16694 | Lair:1   | Reached skill level 13 in Summonings
 16784 | Lair:2   | Found a hole to the Spider Nest.
 16784 | Lair:2   | Noticed a boulder beetle
 17131 | Lair:2   | Noticed a five-headed hydra
 17142 | Lair:2   | Killed a five-headed hydra
 17227 | Lair:2   | Noticed a catoblepas
 17238 | Lair:2   | Killed a catoblepas
 17359 | Lair:2   | Killed a boulder beetle
 17360 | Lair:2   | Reached skill level 14 in Summonings
 17400 | Lair:2   | Noticed a six-headed hydra
 17415 | Lair:2   | Killed a six-headed hydra
 17530 | Lair:2   | Reached ***** piety under Hepliaklqana
 18197 | Lair:3   | Noticed a catoblepas
 18216 | Lair:3   | Killed a catoblepas
 18351 | Lair:3   | Reached skill level 15 in Summonings
 19078 | Lair:3   | You fall into a shaft and drop 2 floors!
 19140 | Lair:5   | Noticed a four-headed hydra
 19146 | Lair:5   | Killed a four-headed hydra
 19147 | Lair:5   | Gained mutation: You can hop long distances. [Barachi
                  | growth]
 19147 | Lair:5   | Reached XP level 13. HP: 86/86 MP: 16/22
 19652 | Lair:4   | Found a shimmering blue altar of Sif Muna.
 19751 | Lair:4   | Noticed Nergalle
 19758 | Lair:4   | Killed Nergalle
 19905 | Lair:4   | Noticed Snorg
 19917 | Lair:4   | Killed Snorg
 20108 | Lair:4   | Found a runed translucent gate.
 20108 | Lair:4   | Found a runed translucent gate.
 20109 | Lair:4   | Found a runed translucent gate.
 20112 | Lair:4   | Noticed Lorrdernie's ghost (journeyman FeSu)
 21441 | Lair:5   | Identified the +12 war axe of Disaster {venom, *Rage rN++}
 21566 | Lair:5   | Reached skill level 10 in Fighting
 21862 | Lair:6   | Entered Level 6 of the Lair of Beasts
 22102 | Lair:6   | Noticed a great orb of eyes
 22102 | Lair:6   | Noticed an azure jelly
 22106 | Lair:6   | Noticed a great orb of eyes
 22107 | Lair:6   | Noticed an acid blob
 22805 | Lair:6   | Noticed a great orb of eyes
 22814 | Lair:6   | Killed a great orb of eyes
 22858 | Lair:6   | - how did these $^%! get out
 22858 | Lair:6   | - i must have quick-keyed myself
 22864 | Lair:6   | Killed an azure jelly
 22880 | Lair:6   | Noticed a rockslime
 22886 | Lair:6   | Killed a rockslime
 22887 | Lair:6   | Reached XP level 14. HP: 68/99 MP: 16/23
 23112 | Lair:6   | Noticed a rockslime
 23124 | Lair:6   | HP: 2/101 [rockslime (43)]
 23125 | Lair:6   | - goddam i thought it was a jelly
 23136 | Lair:6   | - this is not a great scene
 23157 | Lair:5   | - lets save L$ for later
 23447 | Lair:2   | - ooh vampiric
 23596 | Orc:1    | Entered Level 1 of the Orcish Mines
 23758 | Orc:2    | Entered Level 2 of the Orcish Mines
 23758 | Orc:2    | Found a staircase to the Elven Halls.
 24068 | Orc:2    | Found a large runed translucent door.
 24068 | Orc:2    | Found a large runed translucent door.
 24069 | Orc:2    | Noticed dnasty's ghost (journeyman MiBe)
 24084 | Orc:2    | Noticed Saint Roka
 24088 | Orc:2    | - so roka is a problem
 24098 | Orc:2    | Noticed Jorgrun
 24100 | Orc:2    | Killed Saint Roka
 24109 | Orc:2    | Killed Jorgrun
 24338 | Orc:2    | - wow i survived
 25441 | Orc:2    | Found Losegif's Jewellery Emporium.
 26110 | Orc:2    | Found Adiefom's Armour Emporium.
 26321 | Orc:2    | Noticed an orc warlord
 26359 | Orc:2    | Killed an orc warlord
 26581 | Orc:2    | Found Plog's Antique Weapon Shop.
 26620 | Orc:2    | Found Legiw's Antique Armour Boutique.
 26798 | Orc:2    | Bought a masterwork dagger for 245 gold pieces
 26798 | Orc:2    | Identified the +6 dagger "Yriqian" {freeze, Str+6 Dex-3
                  | SInv} (You bought it in a shop on level 2 of the Orcish
                  | Mines)
 26858 | Orc:2    | Bought a +0 pair of boots of rampaging for 161 gold pieces
 27107 | D:1      | Bought a diamond ring for 145 gold pieces
 27242 | D:6      | Bought a scroll of teleportation for 45 gold pieces
 27242 | D:6      | Bought a scroll of identify for 30 gold pieces
 27242 | D:6      | Bought a scroll of teleportation for 45 gold pieces
 27319 | D:4      | Bought a scroll of blinking for 105 gold pieces
 27319 | D:4      | Bought a scroll of identify for 28 gold pieces
 27628 | Lair:3   | Found a staircase to the Swamp.
 28256 | Lair:6   | Killed a rockslime
 28401 | Lair:6   | Noticed a rockslime
 28523 | Lair:6   | Killed an acid blob
 28940 | Lair:6   | Noticed Rupert
 29328 | Lair:6   | Reached XP level 15. HP: 67/108 MP: 20/24
 29656 | Lair:6   | Reached skill level 16 in Summonings
 29659 | Lair:6   | Cast into level 2 of the Abyss (spriggan)
 29716 | Abyss:2  | Noticed a lich
 29731 | Abyss:2  | - so what, he was pulled down a level?
 29731 | Abyss:2  | - and is beyond recall?!
 29737 | Abyss:2  | - phew
 29878 | Abyss:2  | Slain by a spatial maelstrom

Illustrated notes #.### #.##.. #..##.. #..##... #..##.... ##..##..... ##..###..... .. ###..###...... .... ####.....##...... ......####R...#...#....... #.....{5.@5#####....(..... ####.....### ##......... #.....#### ###....... ...## ##....). .# #...... ##..... ##..). #...# ##..# #.). #.... Turn 7849 on D:6: - is this a d6 unseen #..# #.#### #.##... #..##... #..##.... #..##..... ##..##...... ##..###...... .. ###..###....... .... ####.....##....... ......####@...#...#........ #........{5#####....(...... ####...R.### ##.......... #.....#### ###........ ...## ##....).. .# #....... ##...... ##..).. #...## ##..## #.).# Turn 7851 on D:6: - indeed it is .P....# ### #.......... ##.#..##..# ## ###5<........ ####...#### #...###..h5........ #..#....####..#....†.......... #####.P..##.........#.#....... ###............#.######....PP #..........P...### ###.P. #............#.# .. #.............# . ##..........R..# #...........h@# ###..††.....P## #..........# ###........# ##.......## #........## ... #..#....J.# #.. ####.#....# #.. ####...# #.. ###..## # #.. #####.....# #G #.. Turn 22858 on Lair:6: - how did these $^%! get out ##...#### #...###..h5........ #..#....####..#....†.......... #####.P..##.........#.#....... ###............#.######....PP #..........P...### ###.P. #............#.#### # .. #.............#...###.# . ##.............##......### #.............###......... ###..÷÷.....P####.5†...... #.......÷..# #@JR.†..... ###........# #.(5....... ##.......## #.......... #........## ........... .....P #..#......##......##### #..$.. ####.#....###.....# #..... ####...# #.....# #..... ###..###.....# #..... #####.....#.#....#G #..... ##.##...P#...P... #JJ #..... ###.....#.##)#..... JJ #...k. Turn 23125 on Lair:6: - goddam i thought it was a jelly ##..#....†.......... #.........#.#........ ......#.######......# ### ..P...### ###...##..# ....#.#### ### ......# .....#...###.# ...... .....##......#####....# ....###...............# ..P####.††............# ÷..# #....†...........# ...# #.(...J....@....## ..## #.................# ..###..................## ...##......#######..$...# # ...###.....# #G....## ## ...# #.....# #......#### ##. #..###.....# #......#..#.##.. ....#.#....#G #......#.#...... .P#...P....#JJ #.....#..#...... .##)#..... JJ #...k.8.#....... ## ###....####G##...h........... Turn 23136 on Lair:6: - this is not a great scene

##.........................
#..........................
##........................≈
##.........<.............#≈
##................<.......≈≈
#.#.......................#≈
##......................>..≈
######..............(..........≈
##.#.##..........................
#................................
................@##......#...#...
.................##..#..#....#...
................R.#..#.#......#..
[.............................P..
...........................##....
...................###...........
.................### ##.....#.###
..................# #P.....##
..................# ##....###
..................####......####
........(.........#.........##.##


Turn 23157 on Lair:5: - lets save L$ for later ........P.# #..................
#.#.....#.## ##................. #.#.....P..######......####.P#...
#.#.......P#.#.........## #####.. P.......#...............# ##..
#.P.....#..............## #... #.+....................# ##..
P.#.....#..#####+#.....## ##.. #..........#............# #P..
#...P..#...#...........## #... #...............@...#...# ##..
#..........P.....R.....## #.. #..........P........P..## #####..
#..........#........#...###.#.... .......<.....#...#.#.............
................................. #................................
#....................[..........< ##P.#P###.##.##.##P#.#P##.#P###.. ######
#####.############### ### ### Turn 23447 on Lair:2: - ooh vampiric #.##
##+#...## ........## #...... .........# ...... ##......... ...o.o###.........#
..T.#....h......# ...oooo.......# ...h....@..# #..........# ###8R.....##
####.○.....$# ##.)#......#### ##.............## ### #...............###.##
###++####.......#....# #...≈$≈W##.#.....>...## ##≈.#≈⌠..#...........##
#.....#[#.....<......# Turn 24088 on Orc:2: - so roka is a problem .......)...#
#..........# ###..))(..## ####...)...$# ##.[#...)(.#### ##.............## ###
#...............###.## ###++####..)....#....# #...≈$≈W##.#.....>...##
##≈.#≈⌠..#...........## #.....#[#....÷@R.....# #≈#.§§§≈####.........## ###.#§###
#.........## #########........## #..............## ##...........###
##......[...####### ##.....[###......# ###........#.####.# ##.........##.#_.#.#
###.............#..#.# Turn 24338 on Orc:2: - wow i survived . .## . ..#.#
.....# ...... ......# #....# ##....## #@.....# ##........ #....... .......
...#.# ..## # .# .# # Turn 29731 on Abyss:2: - so what, he was pulled down a
level? . # ...###. .# ....#.# .# ......## .. ........ . ......# .#....# ##....##
#...R..#... ##@.......# ##........ ........ ....#.#. ...## # ...# #..# ..# .#.
Turn 29737 on Abyss:2: - phew

Levels and vault maps discovered:
D:1:      saegor_arrival_miasma, layout_loops_corners, serial_shops,
          shop_fountains, shapermc_ecumenical_altar_totnotflames
D:2:      layout_basic
D:3:      layout_basic, nicolae_dithmenos_the_darkroom, zin_academy
D:4:      layout_loops_cross, minmay_temple_entry_mini_moons, serial_shops,
          nicolae_take_the_stairs, kennysheep_mini_moat,
          kennysheep_opposing_triangles, uniq_edmund, uniq_ijyb
D:5:      layout_loops_ring, minmay_misc_feat_five
D:6:      layout_cave_pods, serial_shops, nicolae_shop_trees
D:7:      layout_rooms, uniq_maggie
D:8:      lemuel_castle_with_subvaults [lemuel_castle_interior_carwin_2],
          layout_loops_ring, minmay_fountain_box, uniq_gastronok
D:9:      layout_gridville, uniq_joseph
D:10:     layout_loops_cross, elyvilon_altar_1, lemuel_round_altar, minitemple,
          david_orc_3
D:11:     minmay_skewed_foursquare, layout_cave_pools, david_lair_shrubbed,
          ebering_ghost_reflecting_pool, serial_park, serial_park_tiny_pond,
          serial_park_square1 [serial_park_minivault_5x5_8],
          serial_park_tiny_pond
Temple:   nicolae_temple_elliptical
Lair:1:   layout_gridlike, serial_rivers, chequers_serial_rivers_room_b,
          chequers_serial_rivers_micro_d, chequers_serial_rivers_small_3,
          chequers_serial_rivers_large_b, chequers_serial_rivers_small_3,
          gammafunk_ghost_berserking_beasts, special_room [special_room_bee],
          hangedman_lair_unloving_vines, lemuel_fruit_tree
Lair:2:   layout_chaotic_city, nicolae_spider_entry_non_spiders
Lair:3:   layout_long_grid, minmay_swamp_entry_swarm, minmay_lair_oklob_chamber,
          infiniplex_staircase_pool
Lair:4:   layout_small_grid, basic_altar, gammafunk_ghost_necromancy,
          fungi_pond_lemuel, minmay_hedge_maze, uniq_nergalle, uniq_snorg
Lair:5:   layout_gridlike, serial_bayou_shore_b, grunt_megastairs_1
Lair:6:   hellmonk_lair_end_abyssal_woods, layout_cave_pods,
          minmay_slime_entry_oklob_enclosed, special_room [special_room_jelly],
          serial_bayou_shore_b, uniq_rupert
Orc:1:    layout_diamond_mine, basic_altar, kennysheep_orc_chapel
Orc:2:    grunt_orc_community_town_hall, layout_diamond_mine,
          grunt_orc_community_big_house_2, grunt_orc_community_big_house_2,
          grunt_orc_community_house_3, grunt_orc_community_house_2,
          grunt_orc_community_house_2, grunt_orc_community_house_3,
          ebering_ghost_disaster_area, uniq_jorgrun, uniq_saint_roka
Abyss:2:  base: D:10, hangedman_abyss_batty_box

Skill      XL: |  1  2  3  4  5  6  7  8  9 10 11 12 13 14 15 |
---------------+----------------------------------------------+-----
Summonings     | 5 6 7 8 11 12 15 16 | 16.0
Spellcasting   | 4 5 6 |  6.0
Fighting       | 1 3 6 7 10 12 | 12.0
Armour         | 2 5 6 7 9 |  9.0
Dodging        | 4 6 |  6.0
Air Magic      | 3 6 8 |  8.0
Stealth        | 3 5 6 |  6.0
Maces & Flails | 4 6 8 |  8.8
Hexes          | 4 6 8 |  8.0
Invocations    | 4 6 9 |  9.0

Action                   |  1- 3 |  4- 6 |  7- 9 | 10-12 | 13-15 || total
-------------------------+-------+-------+-------+-------+-------++-------
Melee: Dagger            |    98 |   106 |    56 |   158 |    67 ||   485
       Dire flail        |       |       |    58 |    66 |   313 ||   437
Throw: Dart              |       |     4 |    11 |    83 |   111 ||   209
 Cast: Summon Small Mamm |    35 |    10 |       |       |     2 ||    47
       Call Imp          |    12 |    20 |    31 |    24 |    29 ||   116
       Call Canine Famil |       |    20 |    30 |    40 |    48 ||   138
       Summon Guardian G |       |       |     4 |    13 |    11 ||    28
       Summon Lightning  |       |       |       |    22 |    28 ||    50
Invok: Recall Ancestor   |       |       |     1 |     2 |     4 ||     7
       Ancestor Life: Ba |       |       |     1 |       |       ||     1
       Idealise          |       |       |       |     1 |    10 ||    11
 Abil: Hop               |       |     3 |     4 |    10 |    16 ||    33
Evoke: Wand              |       |     3 |       |    12 |    13 ||    28
  Use: Scroll            |       |     4 |     7 |     6 |    13 ||    30
       Potion            |       |       |       |     1 |     6 ||     7
 Stab: Sleeping          |     6 |     2 |     1 |     3 |     4 ||    16
       Distracted        |     3 |     2 |     3 |    12 |     4 ||    24
Armor: Robe              |    40 |    46 |    30 |     5 |       ||   121
       Leather armour    |       |       |       |    79 |   178 ||   257
       Skin              |       |       |       |     1 |       ||     1
Dodge: Dodged            |    77 |    73 |   129 |   266 |   343 ||   888
